 Dungeon Sprint DCSS version 0.23-a0-391-g8c51ad5 (webtiles) character file.

293 emperorscorpion the Covert (level 6, -8/46 HPs)
             Began as a Vine Stalker Enchanter on Oct 30, 2018.
             Was an Elder of Uskayaw.
             Mangled by a troll (9 damage)
             ... in the Dungeon (Sprint IX: "|||||||||||||||||||||||||||||").
             The game lasted 00:01:35 (390 turns).

emperorscorpion the Covert (Vine Stalker Enchanter)  Turns: 390, Time: 00:01:35

Health: -8/46      AC: 12    Str: 18    XL:     6   Next: 33%
Magic:  0/20       EV: 10    Int: 15    God:    Uskayaw [****..]
Gold:   0          SH:  0    Dex: 21    Spells: 9/10 levels left

rFire    . . .     SeeInvis .   b - +2 scimitar "Ceomion" {elec, *Rage MR++ MP+9 Dex+4}
rCold    . . .     Gourm    .   (no shield)
rNeg     . . .     Faith    .   r - +1 chain mail
rPois    .         Spirit   +   q - +0 helmet
rElec    .         Reflect  .   (no cloak)
rCorr    .         Harm     .   (no gloves)
MR       ++...     Rnd*Rage +   (no boots) Stlth ..........NoTele +
                                (no amulet)
HPRegen  0.55/turn              s - +3 ring of strength
MPRegen  0.17/turn              t - +2 ring of protection

@: berserking, very quick
A: fangs 2, regeneration 1, magic shield, antimagic bite, no potion heal 3, rot
immunity
a: Stomp, Line Pass, Renounce Religion


You were in the Dungeon.
You worshipped Uskayaw.
Uskayaw was noncommittal.
You were not hungry.

You visited 1 branch

Inventory:

Hand Weapons
 a - a +2 rapier of electrocution
 b - the +2 scimitar "Ceomion" (weapon) {elec, *Rage MR++ MP+9 Dex+4}
   (You found it in the Dungeon)

   Occasionally, upon striking a foe, it will discharge some electrical energy
   and cause terrible harm.
   It affects your dexterity (+4).
   It affects your resistance to hostile enchantments.
   It affects your magic capacity (+9).
   It may make you go berserk in combat.
 o - a +1 dagger
Armour
 p - a +0 robe
 q - a +0 helmet (worn)
 r - a +1 chain mail (worn)
Magical Staves
 n - an uncursed staff of energy
Jewellery
 s - a +3 ring of strength (left hand)
 t - a +2 ring of protection (right hand)
Wands
 m - a wand of acid (8)
Scrolls
 j - 2 scrolls of blinking
 k - 3 scrolls of remove curse
 l - 2 scrolls of amnesia
Potions
 e - 5 potions of curing
 f - 3 potions of heal wounds
 g - a potion of haste
 h - 4 potions of magic
 i - a potion of invisibility
Comestibles
 d - a ration


   Skills:
 + Level 2.3 Fighting
 - Level 2.2(3.0) Short Blades
 + Level 2.9(3.3) Long Blades
 + Level 1.5 Armour
 + Level 4.6 Dodging
 + Level 12.3 Stealth
 - Level 2.9 Spellcasting
 - Level 4.3 Hexes
 + Level 0.7 Evocations


You had 9 spell levels left.
You knew the following spells:

 Your Spells              Type           Power        Failure   Level  Hunger
a - Corona                Hex            ###....      45%         1    #......

Your spell library contained the following spells:

 Spells                   Type           Power        Failure   Level  Hunger
 Confuse                  Hex            ###.....     83%         3    ###....
 Tukima's Dance           Hex            ###.....     83%         3    ###....
 Ensorcelled Hibernation  Hex/Ice        #.....       88%         2    ##.....
 Dazzling Spray           Conj/Hex       #.....       98%         3    ###....


Dungeon Overview and Level Annotations

Branches:
Dungeon (1/1)

Altars:
Cheibriados
Dithmenos
Elyvilon
Fedhas
Gozag
Hepliaklqana
Kikubaaqudgha
Makhleb
Nemelex Xobeh
Okawaru
Qazlal
Ru
Sif Muna
Trog
Uskayaw
Vehumet
Wu Jian
Xom
Yredelemnul
Zin
The Shining One
Beogh
Jiyva
Lugonu


Innate Abilities, Weirdness & Mutations

You have extremely sharp teeth.
Your natural rate of healing is unusually fast.
When hurt, damage is shared between your health and your magic reserves.
Your bite disrupts and absorbs the magic of your enemies.
Potions cannot restore your health.
You are immune to rotting.


Message History

You closely miss the troll. You bite the troll, but do no damage.
The troll is heavily wounded.
The troll bites you! The troll barely misses you. The troll claws you.
You hit the troll. Your bite misses the troll.
The troll is heavily wounded.
The troll bites you but does no damage. The troll claws you!
* * * LOW HITPOINT WARNING * * *
The troll claws you but does no damage.
A red film seems to cover your vision as you go berserk!
You feel yourself moving faster!
You feel mighty!
You barely miss the troll. You bite the troll. You drain its power.
You feel invigorated.
The troll is heavily wounded.
The troll bites you!
* * * LOW HITPOINT WARNING * * *
The troll claws you.
* * * LOW HITPOINT WARNING * * *
The troll claws you.
* * * LOW HITPOINT WARNING * * *
The troll bites you!
You die...

▓.▓
▓.▓
▓)▓
▓.▓
▓[▓
▓.▓
▓.▓
▓.▓
▓@▓
▓T▓
▓.▓
▓.▓
▓.▓
▓.▓
▓.▓
▓+▓


You could see a troll.

Vanquished Creatures
  A steam dragon (D)
  A killer bee (D)
  A jelly (D)
  A hound (D)
  A worker ant (D)
  2 adders (D)
  A dart slug (D)
  A ball python (D)
  A bat (D)
  2 bat zombies (D)
  A hobgoblin (D)
  A kobold (D)
  A goblin (D)
15 creatures vanquished.

Notes
Turn   | Place    | Note
-------+----------+-------------------------------------------
     0 | D        | emperorscorpion the Vine Stalker Enchanter began the quest
                  | for the Orb.
     0 | D        | Reached XP level 1. HP: 9/9 MP: 4/4
     5 | D        | Reached skill level 4 in Stealth
   138 | D        | Noticed a worker ant
   140 | D        | Reached skill level 1 in Short Blades
   140 | D        | Reached skill level 5 in Stealth
   140 | D        | Reached XP level 2. HP: 13/13 MP: 6/6
   150 | D        | Reached skill level 6 in Stealth
   150 | D        | Reached XP level 3. HP: 10/17 MP: 4/8
   155 | D        | Reached skill level 7 in Stealth
   166 | D        | Found a roughly hewn altar of Beogh.
   166 | D        | Found a snail-covered altar of Cheibriados.
   166 | D        | Found a shadowy altar of Dithmenos.
   166 | D        | Found a white marble altar of Elyvilon.
   166 | D        | Found a blossoming altar of Fedhas.
   166 | D        | Found an opulent altar of Gozag.
   167 | D        | Found a hazy altar of Hepliaklqana.
   168 | D        | Found a viscous altar of Jiyva.
   169 | D        | Found an ancient bone altar of Kikubaaqudgha.
   170 | D        | Found a corrupted altar of Lugonu.
   171 | D        | Found a burning altar of Makhleb.
   172 | D        | Found a sparkling altar of Nemelex Xobeh.
   173 | D        | Found an iron altar of Okawaru.
   174 | D        | Found a stormy altar of Qazlal.
   175 | D        | Found a sacrificial altar of Ru.
   176 | D        | Found a deep blue altar of Sif Muna.
   177 | D        | Found a bloodstained altar of Trog.
   178 | D        | Found a hide-covered altar of Uskayaw.
   179 | D        | Found a radiant altar of Vehumet.
   180 | D        | Found an ornate altar of the Wu Jian Council.
   181 | D        | Found a shimmering altar of Xom.
   182 | D        | Found a basalt altar of Yredelemnul.
   183 | D        | Found a glowing silver altar of Zin.
   184 | D        | Found a glowing golden altar of the Shining One.
   186 | D        | Became a worshipper of Uskayaw the Reveler
   203 | D        | Got the +2 scimitar "Ceomion" {elec, *Rage MR++ MP+9 Dex+4}
   372 | D        | Noticed a killer bee
   372 | D        | Noticed a steam dragon
   372 | D        | Noticed a troll
   376 | D        | Reached skill level 8 in Stealth
   376 | D        | Gained mutation: Your natural rate of healing is unusually
                  | fast. [Vine Stalker growth]
   376 | D        | Reached XP level 4. HP: 20/21 MP: 9/9
   376 | D        | Reached * piety under Uskayaw
   378 | D        | Reached ** piety under Uskayaw
   379 | D        | Reached skill level 1 in Fighting
   379 | D        | Reached skill level 1 in Long Blades
   379 | D        | Reached skill level 9 in Stealth
   379 | D        | Reached skill level 1 in Armour
   379 | D        | Reached skill level 10 in Stealth
   379 | D        | Reached XP level 5. HP: 25/25 MP: 10/10
   379 | D        | Reached *** piety under Uskayaw
   384 | D        | Reached **** piety under Uskayaw
   385 | D        | Killed a steam dragon
   385 | D        | Reached skill level 12 in Stealth
   385 | D        | Reached XP level 6. HP: 31/31 MP: 11/11
   390 | D        | HP: 2/46 [troll (4)]
   390 | D        | Mangled by a troll

Vault maps used:
D:        linesprint

Skill      XL: |  1  2  3  4  5 |
---------------+----------------+-----
Stealth        | 5 6 8 10 12 | 12.3
Short Blades   | 1 2 |  2.2
Dodging        | 2 3 4 |  4.6
Hexes          | 4 |  4.3
Fighting       | 1 2 |  2.3
Long Blades    | 1 2 |  2.9
Armour         | 1 |  1.5
Spellcasting   | |  2.9
Evocations     | |  0.7

Action                   |  1- 3 |  4- 6 || total
-------------------------+-------+-------++-------
Melee: Dagger            |    30 |       ||    30
       Bite              |     5 |     4 ||     9
       Scimitar          |     4 |    11 ||    15
Evoke: Wand              |       |     2 ||     2
  Use: Potion            |     1 |       ||     1
 Stab: Sleeping          |     3 |       ||     3
Armor: Robe              |     3 |       ||     3
       Chain mail        |     9 |    18 ||    27
Dodge: Dodged            |     9 |     5 ||    14

Table legend:
 A = Non-vault XP
 B = Vault XP
 C = Vault XP percentage of total XP
 D = Non-vault monster count
 E = Vault monster count
 F = Vault count percentage of total count
                 A         B        C        D         E       F
            +---------+---------+-------+---------+---------+-------
      Total |       0 |     419 | 100.0 |       0 |      15 | 100.0
            +---------+---------+-------+---------+---------+-------
          D |       0 |     419 | 100.0 |       0 |      15 | 100.0
            +---------+---------+-------+---------+---------+-------
